 Dungeon Crawl Stone Soup version 0.26.0-16-gc1dbca0489 (webtiles) character file.

Game seed: 12121175794099212114

93 kaeus the Insei (level 4, -1/23 HPs)
             Began as a Vine Stalker Transmuter on Jan 20, 2021.
             Was a Follower of Ashenzari.
             Slain by an orc
             ... wielding a +0 war axe
              (7 damage)
             ... on level 3 of the Dungeon.
             The game lasted 00:05:57 (2702 turns).

kaeus the Insei (Vine Stalker Transmuter)           Turns: 2702, Time: 00:05:58

Health: -1/23      AC:  1    Str: 13    XL:     4   Next: 62%
Magic:  0/9        EV: 12    Int: 13    God:    Ashenzari [*.....]
Gold:   174        SH:  0    Dex: 15    Spells: 7/8 levels left

rFire    . . .     SeeInvis .     - Unarmed
rCold    . . .     Faith    .   (no shield)
rNeg     . . .     Spirit   +   (no armour)
rPois    .         Reflect  .   (no helmet)
rElec    .         Harm     .   (no cloak)
rCorr    .         Rampage  .   (no gloves)
Will     .....                  g - +0 pair of boots
Stlth    +.........             n - amulet of guardian spirit
HPRegen  0.47/turn              (no ring)
MPRegen  0.11/turn              (no ring)

@: no status effects
A: fangs 2, regeneration 1, magic shield, antimagic bite, no potion heal 3
a: Renounce Religion, Curse Item, Scrying


You were on level 3 of the Dungeon.
You worshipped Ashenzari.
Ashenzari was aware of your devotion.
You visited 1 branch of the dungeon, and saw 3 of its levels.

You collected 174 gold pieces.

Inventory:

Hand Weapons
 s - a +0 war axe
Armour
 a - a +0 robe
 g - a +0 pair of boots (worn)
 l - a +0 leather armour
 p - a +0 ring mail
Jewellery
 n - an amulet of guardian spirit (around neck)
Scrolls
 c - a scroll of blinking {unknown}
 d - a scroll of enchant armour {unknown}
 e - 2 scrolls of noise {unknown}
 f - 2 scrolls of fog {unknown}
 h - 3 scrolls of identify {unknown}
 i - 2 scrolls of teleportation {unknown}
 m - a scroll of fear {unknown}
 q - a scroll of enchant weapon {unknown}
 r - 2 scrolls of remove curse
Potions
 b - 3 potions of cancellation {unknown}
 j - a potion of attraction {unknown}
 k - a potion of mutation {unknown}
 o - a potion of heal wounds {unknown}
 t - a potion of haste {unknown}


   Skills:
 + Level 1.7 Fighting
 + Level 1.2 Armour
 - Level 1.5 Dodging
 + Level 3.5 Unarmed Combat
 + Level 2.9 Spellcasting
 + Level 2.6 Transmutations


You had 7 spell levels left.
You knew the following spells:

 Your Spells              Type           Power        Failure   Level
a - Beastly Appendage     Tmut           16%          8%          1

Your spell library contained the following spells:

 Spells                   Type           Power        Failure   Level
 Wereblood                Tmut           8%           12%         2
 Spider Form              Tmut/Pois      2%           38%         3
 Ice Form                 Ice/Tmut       5%           80%         4
 Blade Hands              Tmut           4%           91%         5


Dungeon Overview and Level Annotations

Branches:
Dungeon (3/15)

Altars:
Ashenzari
Elyvilon
Okawaru


Innate Abilities, Weirdness & Mutations

You have extremely sharp teeth.
Your natural rate of healing is unusually fast.
When hurt, damage is shared between your health and your magic reserves.
Your bite disrupts and absorbs the magic of your enemies.
Potions cannot restore your health.


Message History

You kill the orc!
You barely miss the orc. Your bite misses the orc. The orc hits you.
You barely miss the orc. You bite the orc. You drain its power.
You feel invigorated.
The orc is lightly wounded.
The orc hits you from afar with a +0 trident!
You hit the orc.
You kill the orc!
The orc hits you from afar with a +0 trident.
The orc hits you with a +0 trident!
Items here: ) [ ††.
You barely miss the orc. You bite the orc, but do no damage.
The orc hits you with a +0 trident!
* * * LOW HITPOINT WARNING * * *
You hit the orc.
The orc is moderately wounded.
You barely miss the orc. The orc closely misses you.
You hit the orc but do no damage. Your bite misses the orc.
The orc hits you with a +0 war axe!
You die...

###.#(.......##...
#...###.##.##.# ##.##
#.......###### #.#
#..#.......... #.#
#..###..##### #.# #..#
#..####### #.# #..# #........#
#.# #### ##..####.# (#.# #.#
##@# ...## #.#
##o####..#....### # #.#
#.o........?..... ####.#
#..####.......... #>...# #..#
........ ..#..#### #..#
##........ ........#
#..#####.#....##.
...####.#######....o(.oo....oo.
#..# #.##.....†.......#.#.###.


You could see 2 orcs.

Vanquished Creatures
  2 adders
  An ooze (D:1)
  3 worms
  A dart slug (D:2)
  A leopard gecko (D:2)
  2 orcs (D:3)
  5 ball pythons
  5 giant cockroaches
  2 goblins (D:1)
  7 hobgoblins
  2 jackals (D:3)
  10 kobolds
  A quokka (D:2)
  5 bats
  3 frilled lizards
  4 rats
54 creatures vanquished.

Vanquished Creatures (others)
  2 plants (D:1)
2 creatures vanquished.

Grand Total: 56 creatures vanquished

Notes
Turn   | Place    | Note
-------+----------+-------------------------------------------
     0 | D:1      | kaeus the Vine Stalker Transmuter began the quest for the
                  | Orb.
     0 | D:1      | Reached XP level 1. HP: 9/9 MP: 4/4
    35 | D:1      | Reached skill level 1 in Fighting
   209 | D:1      | Reached XP level 2. HP: 5/14 MP: 1/6
  1155 | D:1      | Reached XP level 3. HP: 15/18 MP: 5/7
  1822 | D:2      | Found a faded altar of an unknown god.
  1835 | D:2      | Reached skill level 1 in Armour
  2044 | D:2      | Gained mutation: Your natural rate of healing is unusually
                  | fast. [Vine Stalker growth]
  2044 | D:2      | Reached XP level 4. HP: 14/22 MP: 5/9
  2184 | D:2      | Found an iron altar of Okawaru.
  2322 | D:2      | Became a worshipper of Ashenzari the Shackled
  2322 | D:2      | Reached * piety under Ashenzari
  2511 | D:3      | Found a white marble altar of Elyvilon.
  2702 | D:3      | Slain by an orc

Illustrated notes

Levels and vault maps discovered:
D:1:      dpeg_arrival_rhombus, layout_basic, minmay_shallow_snake_nest
D:2:      layout_basic, okawaru_metal_pillars_1_2,
          chequers_ecumenical_altar_island, minmay_misc_feat_diagonals
D:3:      layout_loops_ring, elyvilon_altar_5

Skill      XL: |  1  2  3 |
---------------+----------+-----
Fighting       | 1 |  1.7
Armour         | 1 |  1.2
Dodging        | |  1.5
Unarmed Combat | |  3.5
Spellcasting   | |  2.9
Transmutations | |  2.6

Action                   |  1- 3 |  4- 6 || total
-------------------------+-------+-------++-------
Melee: Unarmed           |   157 |    82 ||   239
       Bite              |    33 |    23 ||    56
       Punch             |     4 |       ||     4
 Stab: Sleeping          |     1 |     1 ||     2
Armor: Robe              |    38 |     1 ||    39
       Skin              |       |     6 ||     6
       Leather armour    |       |     2 ||     2
Dodge: Dodged            |    99 |    56 ||   155
